cohdb
Replays
Latest Replays
All Replays
Popular Replays
Top Player Replays
Match Explorer
How It Works
Community
CoH3 Stats
Reddit
Sign in to upload your games and track your stats! →
Sign in with Steam
Match 43611097
Unlisted
Match 43611097
Overview
Messages
Build Orders
End
Construct Section Command Post
Royal Engineer Section
Dingo Light Scout Car
Infantry Section
Infantry Section
Construct Platoon Command Post
Construct Field Infirmary
Selects Heavy Armor Battlegroup
Selects Rigorous Vehicle Training
Selects Forward Repair Assembly
Infantry Training
Grenade Package
Infantry Section
Selects UNKNOWN (2162094)
Selects Light Vehicle Withdraw and Refit
6-pounder Anti-tank Gun Team
Selects Radio Net
Construct Company Command Post
Churchill IV Heavy Tank
Armored Vehicle Training
Selects Designate Targets
Designate Targets
Churchill IV Heavy Tank
Designate Targets
Foot Guards Section
Light Vehicle Withdraw and Refit
Churchill IV Heavy Tank
Designate Targets
Designate Targets
Foot Guards Section
Designate Targets
Churchill IV Heavy Tank
Designate Targets
Royal Engineer Section
Churchill IV Heavy Tank
Neon-Reactionary
Cpt. Colter Stevens
Zlatan
yitzak
bigcheese
Dogon222
0
0
Comments
sign in to comment!
No comments posted yet!